 Dungeon Crawl Stone Soup version 0.29.0-13-gc9e81de378 (webtiles) character file.

Game seed: 8627931492347905738

32 Vulpanium the Chiller (level 3, -1/26 HPs)
             Began as a Draconian Ice Elementalist on Sept 7, 2022.
             Slain by Sigmund
             ... wielding a +3 scythe of venom
              (9 damage)
             ... on level 2 of the Dungeon.
             The game lasted 00:05:55 (2304 turns).

Vulpanium the Chiller (Draconian Ice Elementalist)  Turns: 2304, Time: 00:05:56

Health: -1/26      AC:  5    Str: 10    XL:     3   Next: 8%
Magic:  6/6        EV: 12    Int: 17    God:
Gold:   80         SH:  0    Dex: 11    Spells: 5/6 levels left

rFire   . . .      SeeInvis .   g - +0 dagger
rCold   . . .      Faith    .   (no shield)
rNeg    . . .      Spirit   .   (body armour unavailable)
rPois   .          Reflect  .   (helmet restricted)
rElec   .          Harm     .   (no cloak)
rCorr   .          Rampage  .   (no gloves)
Will    .....                   (no boots)
Stlth   +.........              (no amulet)
HPRegen 0.08/turn               (no ring)
MPRegen 0.10/turn               (no ring)

@: confused, lethally poisoned (-1 -> -8)
A: AC +5, unfitting armour, cold-blooded
a: no special abilities


You were on level 2 of the Dungeon.
You visited 1 branch of the dungeon, and saw 2 of its levels.

You collected 80 gold pieces.

Inventory:

Hand Weapons
 g - a +0 dagger (weapon)
Armour
 m - a +0 robe
Scrolls
 c - 3 scrolls of summoning {unknown}
 h - 3 scrolls of teleportation {unknown}
 k - 3 scrolls of identify {unknown}
 l - 2 scrolls of fear {unknown}
Potions
 a - a potion of magic
 b - a potion of lignification {unknown}
 d - a potion of curing {unknown}
 e - a potion of brilliance {unknown}
 f - 2 potions of heal wounds {unknown}
 i - a potion of attraction {unknown}
 j - a potion of ambrosia {unknown}
 n - a potion of flight {unknown}


   Skills:
 + Level 2.0 Dodging
 + Level 2.1 Stealth
 + Level 2.3 Spellcasting
 + Level 4.5 Ice Magic


You had 5 spell levels left.
You knew the following spells:

 Your Spells              Type           Power      Damage    Failure   Level
a - Freeze                Ice            68%        1d8       3%          1

Your spell library contained the following spells:

 Spells                   Type           Power      Damage    Failure   Level
 Frozen Ramparts          Ice            34%        1d6       9%          3
 Ozocubu's Armour         Ice            17%        N/A       9%          3
 Hailstorm                Conj/Ice       9%         3d4       58%         4


Dungeon Overview and Level Annotations

Branches:
Dungeon (2/15)

Altars:

Annotations:
D:2 Sigmund


Innate Abilities, Weirdness & Mutations

Your plain brown scales are hard. (AC +5)
You cannot fit into any form of body armour.
You are cold-blooded and may be slowed by cold attacks.


Message History

The slug dart misses you.
You hit the dart slug.
The dart slug is almost dead.
You hit the dart slug.
You kill the dart slug!
Sigmund the Dreaded comes into view.
He is wielding a +3 scythe of venom.
Found a scroll labelled OSEJUR GOUKI.
Sigmund is nearby!
A bat comes into view.
Sigmund shouts!
Sigmund gestures at you while chanting. The puff of flame hits you.
The bat barely misses you. The bat hits you but does no damage.
The bat barely misses you. The bat hits you.
The bat hits you but does no damage. The bat closely misses you.
The bat barely misses you.
Casting: Freeze (safe; 3% risk of failure)
Confirm with . or Enter, or press ? or * to list all spells.
Aiming: Freeze (safe; 3% risk of failure)
Press: ? - help, Shift-Dir - straight line, f - bat
Aim: a bat You freeze the bat.
You kill the bat!
Sigmund is nearby!
Sigmund hits you from afar with a +3 scythe of venom.
Sigmund is nearby!
Sigmund gestures wildly while chanting.
Sigmund flickers and vanishes!
Deactivating autopickup; reactivate with Ctrl-A.
You start resting.
Something hits you.
You are poisoned.
You start resting.
You feel very sick.
You hear some strange, mumbled words.
You are confused.
There is a strange disturbance nearby!
You feel sick. Something hits you!
You die...

##.###########.....
#.##.##..# ....
#........# ....
####.....# # #.
#........# #.
#.##.###.# ..###+
#.##.###.# ......
#{#....#.# ......
##@#.####.#.# .....
#............ #...
####.####.#.# #.#.
#....#.... #.#.
#######.###.####.##
#..................
##.####.###......##
#.####.#...#....##
#........#.#....##


There were no monsters in sight!

Vanquished Creatures
  2 dart slugs (D:2)
  2 orcs (D:2)
  2 bats (D:2)
  2 endoplasms (D:1)
  A giant cockroach (D:2)
  5 hobgoblins
  5 kobolds
  A frilled lizard (D:2)
  A goblin (D:2)
  2 rats (D:1)
23 creatures vanquished.

Notes
Turn   | Place    | Note
-------+----------+-------------------------------------------
     0 | D:1      | Vulpanium the Draconian Ice Elementalist began the quest
                  | for the Orb.
     0 | D:1      | Reached XP level 1. HP: 14/14 MP: 3/3
   355 | D:1      | Reached XP level 2. HP: 17/20 MP: 5/5
  1867 | D:2      | Found a faded altar of an unknown god.
  2073 | D:2      | Identified the +4 mace "Killer Bee's Curse" {flame, Drain
                  | rF+ Int+3}
  2204 | D:2      | Reached XP level 3. HP: 26/26 MP: 3/6
  2271 | D:2      | Noticed Sigmund
  2304 | D:2      | Slain by Sigmund

Illustrated notes

Levels and vault maps discovered:
D:1:      dpeg_arrival_lava_temple_mockup, layout_basic
D:2:      layout_basic, hellmonk_ecumenical_altar_defaced_shrine, uniq_sigmund

Skill      XL: |  1  2 |
---------------+-------+-----
Stealth        | 2 |  2.1
Dodging        | 2 |  2.0
Spellcasting   | |  2.3
Ice Magic      | |  4.5

Action                   || total
-------------------------++-------
Melee: Unarmed           ||    10
       Dagger            ||    31
       Tailslap          ||    10
 Cast: Freeze            ||    27
 Stab: Sleeping          ||     1
Armor: Skin              ||    23
Dodge: Dodged            ||    41
